 Dungeon Crawl Stone Soup version 0.31-a0-4-gefa6de2278 (webtiles) character file.

Game seed: 2844813212008688237

1403 qeuew the Covered (level 8, -4/70 HPs)
             Began as a Minotaur Fighter on May 4, 2023.
             Was an Initiate of Gozag.
             Slain by Maggie
             ... wielding a +0 glaive of flaming
              (13 damage)
             ... on level 6 of the Dungeon.
             The game lasted 00:07:21 (5211 turns).

qeuew the Covered (Minotaur Fighter)                Turns: 5211, Time: 00:07:23

Health: -4/70      AC:  9    Str: 22    XL:     8   Next: 42%
Magic:  7/7        EV: 11    Int:  5    God:    Gozag
Gold:   477        SH:  5    Dex: 11    Spells: 7/7 levels left

rFire   . . .        a - +1 war axe (freeze)
rCold   . . .        c - +0 buckler
rNeg    + . .        b - +1 scale mail
rPois   .            (helmet restricted)
rElec   .            (no cloak)
rCorr   .            (no gloves)
SInv    .            (no boots)
Will    .....        (no amulet) Stlth
                     k - ring of positive energy
HPRegen 0.31/turn    m - ring of flight
MPRegen 0.10/turn

%: clarity
@: mighty, flying
A: horns 2, retaliatory headbutt, clarity, mutation resistance 1
a: Renounce Religion, Potion Petition, Call Merchant, Bribe Branch


You were on level 6 of the Dungeon.
You worshipped Gozag.
Gozag was aware of your devotion.
You visited 2 branches of the dungeon, and saw 7 of its levels.
You also visited: Sewer.

You collected 557 gold pieces.
You paid 80 gold pieces to Gozag.

Inventory:

Hand Weapons
 a - a +1 war axe of freezing (weapon)
Armour
 b - a +1 scale mail (worn)
 c - a +0 buckler (worn)
Jewellery
 k - a ring of positive energy (left hand)
 m - a ring of flight (right hand)
 r - a ring of willpower
Wands
 o - a wand of mindburst (20)
 q - a wand of paralysis (7)
 s - a wand of flame (11)
 v - a wand of acid (7)
Scrolls
 e - a scroll of enchant weapon
 g - 5 scrolls of teleportation
 h - a scroll of fog {unknown}
 j - a scroll of amnesia
 l - a scroll of magic mapping
 n - 2 scrolls of enchant armour
 u - 3 scrolls of poison {unknown}
 y - a scroll of identify
Potions
 d - 4 potions of might
 f - 4 potions of cancellation
 p - a potion of mutation
 t - 2 potions of brilliance {unknown}
 w - a potion of curing
 x - a potion of magic {unknown}


   Skills:
 + Level 6.1 Fighting
 + Level 5.4 Axes
 * Level 7.8 Armour
 + Level 4.1 Dodging
 + Level 6.0 Shields
 + Level 2.3 Evocations


You had 7 spell levels left.
You didn't know any spells.
Your spell library was empty.

Dungeon Overview and Level Annotations

Branches:
Dungeon (6/15)             Temple (1/1) D:4           Sewer (visited)

Altars:
Dithmenos
Elyvilon
Gozag
Kikubaaqudgha
Okawaru
Ru
Zin

Shops:
D:4 !

Annotations:
D:6 Maggie


Innate Abilities, Weirdness & Mutations

You have a pair of horns on your head.
You reflexively headbutt those who attack you in melee.
You possess an exceptional clarity of mind.
You are somewhat resistant to further mutation.


Message History

You are too injured to fight recklessly!
You are too injured to fight recklessly!
You are too injured to fight recklessly!
You are too injured to fight recklessly!
You are too injured to fight recklessly!
You are too injured to fight recklessly!
You are too injured to fight recklessly!
Unknown command.
You closely miss Maggie.
Maggie is lightly wounded.
Maggie mumbles some strange words.
Maggie attempts to bespell you!
You are unaffected.
You block Maggie's attack.
You hit Maggie. You freeze Maggie.
Maggie is lightly wounded.
Maggie hits you with a +0 glaive of flaming!
Maggie burns you.
You feel very mighty all of a sudden. Maggie barely misses you.
You slash Maggie! You freeze Maggie! You headbutt Maggie!
Maggie is severely wounded.
Maggie hits you with a +0 glaive of flaming!
* * * LOW HITPOINT WARNING * * *
Maggie burns you.
* * * LOW HITPOINT WARNING * * *
Unknown command.
You feel much better.
Maggie hits you with a +0 glaive of flaming.
Maggie burns you.
* * * LOW HITPOINT WARNING * * *
You closely miss Maggie. Your headbutt misses Maggie.
Maggie is severely wounded.
Maggie closely misses you.
You hit Maggie but do no damage. Your headbutt misses Maggie.
Maggie is severely wounded.
Maggie points at you and mumbles some strange words.
The bolt of fire hits you!
* * * LOW HITPOINT WARNING * * *
Maggie hits you with a +0 glaive of flaming!
You die...
Your body crumbles into a pile of gold.

#.........##.#.##>..#.
#.# #.........##.#..
#.....###.####
##........##.###.
.###.....#...
##.....#.##.# #..#
#(......##
###.###.##.# ..#
#..##..... #.#
#....####..# #..
#.###. #.#
####.......###. #.....
#.# ###........ #...##
#.# #@..#.#.# ....##
#. #@......) ....#
#.......# #.#.
$.....### # . ..#...#
#. .......# #.
..###... #. $ #.. ....


You could see Maggie.

Vanquished Creatures
  A yak (D:5)
  Menkaure (D:6)
  An ice beast (D:6)
  A black bear (D:3)
  An ogre (D:5)
  A phantom (D:5)
  2 bullfrogs (Sewer)
  A scorpion (D:5)
  2 hounds
  A jelly (D:5)
  2 iguanas (D:5)
  A sleepcap (D:4)
  Ijyb (D:3)
  18 adders
  3 gnolls (D:3)
  8 river rats
  2 white imps (D:5)
  2 worms
  5 dart slugs
  10 orcs
  7 endoplasms
  4 giant cockroaches
  5 goblins
  3 hobgoblins
  5 jackals
  5 quokkas
  18 ball pythons
  8 bats
  3 frilled lizards
  6 kobolds
  21 rats
149 creatures vanquished.

Notes
Turn   | Place    | Note
-------+----------+-------------------------------------------
     0 | D:1      | qeuew the Minotaur Fighter began the quest for the Orb.
     0 | D:1      | Reached XP level 1. HP: 19/19 MP: 0/0
    61 | D:1      | Reached XP level 2. HP: 27/27 MP: 1/1
   152 | D:1      | Reached skill level 4 in Armour
   457 | D:1      | Reached XP level 3. HP: 33/33 MP: 2/2
   500 | D:1      | Reached skill level 1 in Dodging
  1002 | D:2      | Reached XP level 4. HP: 40/40 MP: 3/3
  1324 | D:2      | Found a glowing silver altar of Zin.
  1539 | D:2      | Gained mutation: You are somewhat resistant to further
                  | mutation. [potion of mutation]
  1539 | D:2      | Gained mutation: You possess an exceptional clarity of
                  | mind. [potion of mutation]
  1632 | D:3      | Found a faded altar of an unknown god.
  1644 | D:3      | Reached skill level 5 in Armour
  1644 | D:3      | Reached XP level 5. HP: 20/47 MP: 4/4
  1663 | D:3      | Found a glowing drain.
  1672 | Sewer    | Entered a sewer
  1999 | Sewer    | Reached XP level 6. HP: 36/53 MP: 5/5
  2108 | Sewer    | Reached skill level 5 in Fighting
  2108 | Sewer    | Reached skill level 6 in Armour
  2108 | Sewer    | Reached skill level 5 in Shields
  2342 | D:3      | Noticed Ijyb
  2348 | D:3      | Killed Ijyb
  2608 | D:3      | Reached XP level 7. HP: 57/61 MP: 6/6
  3116 | D:4      | Found Xiyck's Distillery.
  3411 | D:4      | Found a staircase to the Ecumenical Temple.
  3429 | Temple   | Entered the Ecumenical Temple
  3465 | Temple   | Became a worshipper of Gozag Ym Sagoz the Greedy
  3706 | D:4      | Reached skill level 1 in Evocations
  4041 | D:5      | Entered Level 5 of the Dungeon
  4118 | D:5      | Found a large runed translucent door.
  4119 | D:5      | Found a large runed translucent door.
  4139 | D:5      | Noticed a yak
  4147 | D:5      | Killed a yak
  4148 | D:5      | Reached skill level 7 in Armour
  4150 | D:5      | Reached XP level 8. HP: 22/70 MP: 7/7
  4153 | D:5      | Found an ancient bone altar of Kikubaaqudgha.
  4164 | D:5      | Found an iron altar of Okawaru.
  4481 | D:5      | Reached skill level 5 in Axes
  4958 | D:6      | Noticed Menkaure
  4964 | D:6      | Killed Menkaure
  5195 | D:6      | Noticed Maggie
  5211 | D:6      | Slain by Maggie

Illustrated notes

Levels and vault maps discovered:
D:1:      moated_graveyard_arrival, layout_loops_ring, st_stairs_8
D:2:      layout_loops_ring, basic_altar, chequers_serial_rivers_micro_e,
          dk_vineyard_1
D:3:      layout_loops_ring, portal_sewer_entry_a,
          ebering_ecumenical_altar_rust, uniq_ijyb
D:4:      layout_loops_corners, minmay_temple_entry_statues_pillars,
          serial_shops, shop
D:5:      layout_loops_ring, jmf_multi_god_temple2
D:6:      layout_rooms, uniq_crazy_yiuf_cottage, uniq_maggie, uniq_menkaure
Temple:   minmay_crystal_spiral_temple

Skill      XL: |  1  2  3  4  5  6  7  8 |
---------------+-------------------------+-----
Armour         | 4 5 6 7 |  7.8
Dodging        | 1 2 3 4 |  4.1
Fighting       | 4 5 6 |  6.1
Shields        | 4 5 6 |  6.0
Axes           | 3 4 5 |  5.4
Evocations     | 1 2 |  2.3

Action                     |  1- 3 |  4- 6 |  7- 9 || total
---------------------------+-------+-------+-------++-------
  Melee: War axe           |    73 |   121 |   104 ||   298
         Headbutt          |     7 |    10 |    21 ||    38
    Use: Scroll            |     4 |     5 |     5 ||    14
         Potion            |     1 |     3 |     9 ||    13
 Armour: Scale mail        |    41 |    67 |    32 ||   140
  Dodge: Dodged            |    29 |    80 |    63 ||   172
  Block: Buckler           |    22 |    56 |    33 ||   111

Table legend: (Time is in decaauts)
 A = Elapsed time spent in this place.
 B = Non-inter-level travel time spent in this place.
 C = Inter-level travel time spent in this place.
 D = Time resting spent in this place.
 E = Time spent auto-exploring this place.
 F = Levels seen in this place.
 G = Mean time per level.
                   A        B        C        D        E       F      G
               +--------+--------+--------+--------+--------+-----+--------+
         Total |   5347 |   5135 |    212 |     34 |   4213 |   8 |  668.4 |
       Dungeon |   4605 |   4419 |    186 |     34 |   3631 |   6 |  767.5 |
        Temple |     62 |     37 |     25 |      0 |     30 |   1 |   62.0 |
         Sewer |    679 |    679 |      0 |      0 |    552 |   1 |  679.0 |
               +--------+--------+--------+--------+--------+-----+--------+

Top non-repeatable levels by time:
     D:3: 910 daAuts
     D:5: 899 daAuts
     D:4: 897 daAuts
     D:2: 823 daAuts
     D:1: 776 daAuts
   Sewer: 679 daAuts
     D:6: 299 daAuts
  Temple: 62 daAuts
